 Dungeon Crawl Stone Soup version 0.26-a0-712-ga5a9c9c9d0 (webtiles) character file.

Game seed: 8132408799135980229

1008 Azzok the Cleaver (level 8, 58/58 HPs)
             Began as a Demonspawn Berserker on Nov 8, 2020.
             Was a Believer of Trog.
             Quit the game on level 5 of the Dungeon.
             The game lasted 00:04:42 (3960 turns).

Azzok the Cleaver (Demonspawn Berserker)            Turns: 3960, Time: 00:04:42

Health: 58/58      AC: 12    Str: 19    XL:     8   Next: 1%
Magic:  8/8        EV:  7    Int:  8    God:    Trog [**....]
Gold:   236        SH:  7    Dex: 14    Spells: 7/7 levels left

rFire    + . .     SeeInvis .   w - +10 dagger "Eniaxin" {venom, rC+ MR+}
rCold    + . .     Faith    .   x - +0 kite shield
rNeg     . . .     Spirit   +   f - +0 scale mail
rPois    .         Reflect  .   v - +1 helmet
rElec    .         Harm     .   (no cloak)
rCorr    .         Rampage  .   m - +0 pair of gloves
MR       +....                  (no boots)
Stlth    ..........             o - amulet of regeneration
HPRegen  0.59/turn              (no ring)
MPRegen  0.11/turn              (no ring)

@: no status effects
A: hooves 2, molten scales 2, fire resistance 1, magic shield
a: Berserk, Trog's Hand, Renounce Religion


You were on level 5 of the Dungeon.
You worshipped Trog.
Trog was pleased with you.
You visited 1 branch of the dungeon, and saw 5 of its levels.

You collected 236 gold pieces.

Inventory:

Hand Weapons
 t - a +2 vorpal hand axe
 w - the +10 dagger "Eniaxin" (weapon) {venom, rC+ MR+}
   (You found it on level 4 of the Dungeon)

   It poisons the flesh of those it strikes.
   It protects you from cold.
   It affects your resistance to hostile enchantments.
Armour
 f - a +0 scale mail (worn)
 m - a +0 pair of gloves (worn)
 v - a +1 helmet (worn)
 x - a +0 kite shield (worn)
Jewellery
 o - an amulet of regeneration (around neck)
Wands
 p - a wand of flame (8)
Scrolls
 a - a scroll of noise {unknown}
 b - a scroll of amnesia {unknown}
 c - a scroll of enchant armour {unknown}
 d - 2 scrolls of magic mapping {unknown}
 g - 4 scrolls of teleportation {unknown}
 i - 4 scrolls of remove curse {unknown}
 j - 4 scrolls of identify
 l - 2 scrolls of random uselessness {unknown}
 q - 2 scrolls of fog {unknown}
 s - a scroll of immolation {unknown}
 u - 4 scrolls of fear {unknown}
 y - a scroll of blinking {unknown}
Potions
 e - 4 potions of resistance
 h - a potion of magic {unknown}
 k - a potion of haste
 n - a potion of curing
 r - 2 potions of brilliance {unknown}


   Skills:
 - Level 3.0 Fighting
 + Level 9.0 Axes
 - Level 1.7 Armour
 - Level 1.7 Dodging


You had 7 spell levels left.
You didn't know any spells.
Your spell library was empty.

Dungeon Overview and Level Annotations

Branches:
Dungeon (5/15)
 Temple: D:4-7

Altars:
Fedhas
Okawaru
Qazlal
Zin
The Shining One

Shops:
D:2 *

Annotations:
D:4 1 runed translucent door, emiel's ghost, amateur HOFE


Innate Abilities, Weirdness & Mutations

You have hoof-like feet.
You are mostly covered in molten scales. (AC +3)
Your flesh is heat resistant. (rF+)
When hurt, damage is shared between your health and your magic reserves.


Message History

The centaur is moderately wounded.
The centaur hits you. The centaur closely misses you.
You puncture the centaur!
The centaur looks as sick as possible!
Your kick misses the centaur.
The centaur is almost dead.
You kill the centaur!
Trog accepts your kill.
Your Axes skill increases to level 9!
You have reached level 8!
You feel agile.
Your demonic ancestry asserts itself...
You feel your magical essence form a protective shroud around your flesh.
Things that are here:
a +0 shortbow; 15 arrows
y - a scroll labeled SOEL JIMEORI
Found 16 sling bullets.
Found a quarterstaff.
l - 2 scrolls labeled MUNOGH ITIE (gained 1)
Found a hand axe.
i - 4 scrolls labeled TOSO TUSUTWO (gained 1) Are you sure you want to abandon this character and quit the game? (Confirm with "yes".)

▒▒▒ ▒▒·▒▒
▒▒▒▒▒▒▒▒▒·▒·▒▒
▒·····▒▒·▒▒▒·▒▒
▒@▒▒▒·▒·▒▒ ▒▒·▒▒
▒···▒··▒▒ ▒▒·▒▒▒
▒···▒···▒▒ ▒▒·▒▒▒·
▒···(··▒·▒▒▒·▒▒▒▒·
▒▒··▒▒····▒·······
▒)·▒▒▒▒▒···▒▒▒▒▒·
▒··· ▒▒·▒▒ ▒·
·?▒▒) ▒·▒ ▒( ▒▒
▒·▒▒▒▒▒▒·


There were no monsters in sight!

Vanquished Creatures
  Sigmund (D:2)
  Eustachio (D:4)
  2 ice beasts (D:5)
  An ogre (D:4)
  A centaur (D:5)
  A hound (D:4)
  A gnoll shaman (D:4)
  An orc priest (D:5)
  Jessica (D:3)
  3 orc wizards
  A worker ant (D:4)
  4 gnolls
  2 adders
  2 ufetubi
  2 oozes
  An adder skeleton (D:4)
  5 dart slugs
  2 leopard geckos
  5 orcs
  A giant cockroach (D:1)
  4 hobgoblins
  4 jackals (D:2)
  7 kobolds
  A quokka (D:5)
  3 ball pythons
  4 bats
  6 frilled lizards
  5 goblins
  10 rats
82 creatures vanquished.

Vanquished Creatures (others)
  A plant (D:4)
  2 withered plants (D:4)
3 creatures vanquished.

Grand Total: 85 creatures vanquished

Notes
Turn   | Place    | Note
-------+----------+-------------------------------------------
     0 | D:1      | Azzok the Demonspawn Berserker began the quest for the Orb.
     0 | D:1      | Reached XP level 1. HP: 18/18 MP: 1/1
   177 | D:1      | Reached skill level 3 in Axes
   232 | D:1      | Gained mutation: You are partially covered in molten
                  | scales. (AC +2) [demonic ancestry]
   232 | D:1      | Reached XP level 2. HP: 14/24 MP: 2/2
   490 | D:1      | Gained mutation: Your flesh is heat resistant. (rF+)
                  | [demonic ancestry]
   490 | D:1      | Reached XP level 3. HP: 29/29 MP: 3/3
   655 | D:1      | Reached skill level 4 in Axes
   980 | D:2      | You fall into a shaft and drop 1 floor!
  1243 | D:2      | Found Zin's Purification Station.
  1248 | D:2      | Found a glowing silver altar of Zin.
  1339 | D:2      | Reached ** piety under Trog
  1417 | D:2      | Noticed Sigmund
  1792 | D:2      | Killed Sigmund
  1792 | D:2      | Reached skill level 5 in Axes
  1792 | D:2      | Reached XP level 4. HP: 35/35 MP: 4/4
  1792 | D:2      | Gained mutation: You have large cloven feet. [demonic
                  | ancestry]
  1792 | D:2      | Reached XP level 5. HP: 41/41 MP: 5/5
  2143 | D:3      | Noticed Jessica
  2150 | D:3      | Killed Jessica
  2150 | D:3      | Reached skill level 6 in Axes
  2257 | D:3      | Gained mutation: You have hoof-like feet. [demonic
                  | ancestry]
  2257 | D:3      | Reached XP level 6. HP: 47/47 MP: 6/6
  2393 | D:3      | Found an iron altar of Okawaru.
  2580 | D:3      | Found a glowing golden altar of the Shining One.
  2956 | D:4      | Noticed Eustachio
  2992 | D:4      | Reached skill level 7 in Axes
  3007 | D:4      | Killed Eustachio
  3007 | D:4      | Gained mutation: You are mostly covered in molten scales.
                  | (AC +3) [demonic ancestry]
  3007 | D:4      | Reached XP level 7. HP: 23/52 MP: 7/7
  3140 | D:4      | Found a runed translucent door.
  3141 | D:4      | Noticed emiel's ghost (amateur HOFE)
  3178 | D:4      | Found a stormy altar of Qazlal.
  3182 | D:4      | Found a blossoming altar of Fedhas.
  3510 | D:4      | Got a glimmering dagger
  3641 | D:4      | Identified the +10 dagger "Eniaxin" {venom, rC+ MR+} (You
                  | found it on level 4 of the Dungeon)
  3673 | D:5      | Entered Level 5 of the Dungeon
  3698 | D:5      | Reached skill level 8 in Axes
  3889 | D:5      | Reached skill level 9 in Axes
  3889 | D:5      | Gained mutation: When hurt, damage is shared between your
                  | health and your magic reserves. [demonic ancestry]
  3889 | D:5      | Reached XP level 8. HP: 42/58 MP: 8/8
  3960 | D:5      | Quit the game

Illustrated notes

Levels and vault maps discovered:
D:1:      tarquinn_simple_flora_water_a, layout_basic
D:2:      layout_basic, zin_purify, minivault_11, minmay_statues_item,
          st_stairs_14, uniq_sigmund
D:3:      layout_basic, lemuel_crystal_altar, okawaru_metal_pillars_1_2,
          uniq_jessica
D:4:      layout_loops_corners, grunt_temple_overflow_forces_of_nature,
          gammafunk_ghost_grave, uniq_eustachio
D:5:      layout_loops_ring, kennysheep_mini_moat,
          nemelex_xobeh_ov_fountains_minmay, marbit_many_paths

Skill      XL: |  1  2  3  4  5  6  7 |
---------------+----------------------+-----
Axes           | 3 5 6 7 9 |  9.0
Fighting       | |  3.0
Armour         | |  1.7
Dodging        | |  1.7

Action                   |  1- 3 |  4- 6 |  7- 9 || total
-------------------------+-------+-------+-------++-------
Melee: Hand axe          |   120 |    61 |    20 ||   201
       Kick              |       |    13 |    23 ||    36
       Dagger            |       |       |    43 ||    43
Invok: Berserk           |     2 |     1 |       ||     3
       Trog's Hand       |     1 |       |       ||     1
  Use: Potion            |       |     3 |       ||     3
       Scroll            |       |       |     1 ||     1
Armor: Animal skin       |     5 |       |       ||     5
       Scale mail        |    47 |    44 |    19 ||   110
Dodge: Dodged            |    70 |    32 |    24 ||   126
Block: Kite shield       |       |       |     6 ||     6

Table legend: (Time is in decaauts)
 A = Elapsed time spent in this place.
 B = Non-inter-level travel time spent in this place.
 C = Inter-level travel time spent in this place.
 D = Time resting spent in this place.
 E = Time spent auto-exploring this place.
 F = Levels seen in this place.
 G = Mean time per level.
                   A        B        C        D        E       F      G
               +--------+--------+--------+--------+--------+-----+--------+
         Total |   3990 |   3809 |    181 |    431 |   2648 |   5 |  798.0 |
       Dungeon |   3990 |   3809 |    181 |    431 |   2648 |   5 |  798.0 |
               +--------+--------+--------+--------+--------+-----+--------+

Top non-repeatable levels by time:
     D:1: 1240 daAuts
     D:2: 909 daAuts
     D:4: 873 daAuts
     D:3: 677 daAuts
     D:5: 289 daAuts
